 Dungeon Crawl Stone Soup version 0.25-a0-41-g6cf4ce5 (webtiles) character file.

Game seed: 2614029418194437884, levelgen mode: deterministic

63 2tousent the Slasher (level 3, 0/29 HPs)
             Began as a Demonspawn Monk on Oct 20, 2019.
             Slain by a hobgoblin
             ... wielding a +0 club
             ... led by Robin
              (2 damage)
             ... on level 2 of the Dungeon.
             The game lasted 00:03:22 (1732 turns).

2tousent the Slasher (Demonspawn Monk)              Turns: 1732, Time: 00:03:23

Health: 0/29       AC:  5    Str: 12    XL:     3   Next: 87%
Magic:  3/3        EV:  8    Int: 11    God:
Gold:   44         SH:  9    Dex: 15    Spells: 2/2 levels left

rFire    . . .     SeeInvis .   a - +0 falchion
rCold    . . .     Gourm    .   h - +2 shield
rNeg     . . .     Faith    .   k - +0 ring mail (curse)
rPois    .         Spirit   .   (helmet restricted)
rElec    .         Reflect  .   (no cloak)
rCorr    .         Harm     .   (no gloves)
MR       .....                  (no boots)
Stlth    +.........             (no amulet)
HPRegen  0.09/turn              (no ring)
MPRegen  0.08/turn              (no ring)

@: no status effects
A: antennae 1, claws 1
a: no special abilities


You were on level 2 of the Dungeon.
You were hungry.

You visited 1 branch of the dungeon, and saw 3 of its levels.

You collected 44 gold pieces.

Inventory:

Hand Weapons
 a - a +0 falchion (weapon)
 e - a +0 club
Armour
 b - a +0 robe
 h - a +2 shield (worn)
 k - a cursed +0 ring mail (worn)
Scrolls
 f - a scroll of amnesia {unknown}
 g - 6 scrolls of teleportation {unknown}
 j - 2 scrolls of identify {unknown}
 l - a scroll of immolation {unknown}
 n - a scroll of remove curse {unknown}
Potions
 d - a potion of magic {unknown}
 i - 2 potions of might {unknown}
 m - a potion of brilliance {unknown}
Comestibles
 c - 4 rations


   Skills:
 - Level 3.0 Fighting
 - Level 3.3 Long Blades
 - Level 2.6 Dodging
 - Level 1.7 Stealth
 * Level 2.5 Unarmed Combat


You had 2 spell levels left.
You didn't know any spells.
Your spell library was empty.

Dungeon Overview and Level Annotations

Branches:
Dungeon (3/15)

Altars:
Elyvilon
Kikubaaqudgha

Annotations:
D:3 Robin


Innate Abilities, Weirdness & Mutations

You have a pair of small antennae on your head.
You have sharp fingernails.


Message History

* * * LOW HITPOINT WARNING * * *
You climb upwards.
There is a stone staircase leading down here.
You closely miss the hobgoblin. The goblin closely misses you.
You block the hobgoblin's attack.
You barely miss the hobgoblin. The goblin hits you with a +0 club.
* * * LOW HITPOINT WARNING * * *
The hobgoblin hits you but does no damage.
The goblin barely misses you.
Your shield prevents you from hitting the hobgoblin.
The goblin no longer looks unusually strong.
You block the hobgoblin's attack. You block the goblin's attack.
You closely miss the hobgoblin.
The hobgoblin no longer looks unusually strong.
The hobgoblin hits you with a +0 club.
* * * LOW HITPOINT WARNING * * *
You block the goblin's attack.
Your shield and ring mail prevent you from hitting the hobgoblin.
The hobgoblin hits you with a +0 club.
You die...

#############
#...........#
#.#########.# #.# #.#
## #.# #.#
.#####.##### #g#
...........# #@#
.#####.###.#####g####
.# #....#...).g...#
.# #.###.#####.##.#
.# #.# #.# #.##.# .#
#.# #.# #.##.#
.#####.###.#####.##.#
..)<................#
....#####...#.#######


You could see a hobgoblin and 2 goblins.

Vanquished Creatures
  An adder (D:2)
  2 oozes
  2 dart slugs
  5 bats
  6 goblins
  6 hobgoblins
  3 jackals (D:1)
  A quokka (D:2)
  2 frilled lizards
  5 kobolds
  7 rats
40 creatures vanquished.

Notes
Turn   | Place    | Note
-------+----------+-------------------------------------------
     0 | D:1      | 2tousent the Demonspawn Monk began the quest for the Orb.
     0 | D:1      | Reached XP level 1. HP: 18/18 MP: 1/1
   132 | D:1      | Gained mutation: You have sharp fingernails. [demonic
                  | ancestry]
   132 | D:1      | Reached XP level 2. HP: 1/24 MP: 2/2
   629 | D:1      | Reached skill level 1 in Unarmed Combat
  1136 | D:2      | Gained mutation: You have a pair of small antennae on your
                  | head. [demonic ancestry]
  1136 | D:2      | Reached XP level 3. HP: 29/29 MP: 3/3
  1265 | D:2      | Found a white marble altar of Elyvilon.
  1267 | D:2      | Found an ancient bone altar of Kikubaaqudgha.
  1718 | D:3      | Noticed Robin
  1732 | D:2      | Slain by a hobgoblin

Levels and vault maps discovered:
D:1:      grunt_arrival_lava_bath, layout_basic
D:2:      layout_loops_ring, chequers_temple_overflow_statue_of_worship,
          minmay_misc_feat_doors
D:3:      layout_loops_cross, grunt_gozag_breadcrumbs, minitemple, uniq_robin,
          uniq_crazy_yiuf_cottage

Skill      XL: |  1  2  3 |
---------------+----------+-----
Long Blades    | 3 |  3.3
Unarmed Combat | 1 2 |  2.5
Fighting       | |  3.0
Dodging        | |  2.6
Stealth        | |  1.7

Action                   || total
-------------------------++-------
Melee: Falchion          ||   128
 Stab: Sleeping          ||     2
  Eat: Chunk             ||     2
Armor: Robe              ||    15
       Ring mail         ||    28
Dodge: Dodged            ||    76
Block: Shield            ||    37
       Rpst.: Falchion   ||    22

Table legend:
 A = Non-vault XP
 B = Vault XP
 C = Vault XP percentage of total XP
 D = Non-vault monster count
 E = Vault monster count
 F = Vault count percentage of total count
                 A         B        C        D         E       F
            +---------+---------+-------+---------+---------+-------
      Total |      90 |       0 |   0.0 |      40 |       0 |   0.0
            +---------+---------+-------+---------+---------+-------
        D:1 |      40 |       0 |   0.0 |      21 |       0 |   0.0
        D:2 |      50 |       0 |   0.0 |      19 |       0 |   0.0
            +---------+---------+-------+---------+---------+-------
